 Dungeon Crawl Stone Soup version 0.30.0-13-g156ef70053 (webtiles) character file.

Game seed: 12799114718854982629

131 domi the Chopper (level 5, -4/45 HPs)
             Began as a Hill Orc Monk on May 17, 2023.
             Was a Believer of Beogh.
             Slain by a scorpion (6 damage)
             ... on level 4 of the Dungeon.
             The game lasted 00:02:43 (2481 turns).

domi the Chopper (Hill Orc Monk)                    Turns: 2481, Time: 00:02:43

Health: -4/45      AC:  9    Str: 16    XL:     5   Next: 14%
Magic:  5/5        EV:  8    Int: 10    God:    Beogh [**....]
Gold:   114        SH:  0    Dex: 13    Spells: 4/4 levels left

rFire   . . .        r - +0 war axe
rCold   . . .        d - orb {light}
rNeg    . . .        e - +1 chain mail
rPois   .            (no helmet)
rElec   .            (no cloak)
rCorr   .            (no gloves)
SInv    .            (no boots)
Will    +....        l - amulet of faith {Faith, !P!P} Stlth
                     o - ring of willpower
HPRegen 0.27/turn    (no ring)
MPRegen 0.09/turn

%: faith
@: lethally poisoned (-4 -> -10), silenced, glowing
A: no striking features
a: Renounce Religion


You were on level 4 of the Dungeon.
You worshipped Beogh.
Beogh was pleased with you.
You visited 1 branch of the dungeon, and saw 4 of its levels.

You collected 114 gold pieces.

Inventory:

Hand Weapons
 a - a +0 hand axe
 r - a +0 war axe (weapon)
   (You took it off an orc on level 3 of the Dungeon)
Missiles
 s - 3 boomerangs
Armour
 d - an orb of light (worn)
 e - a +1 chain mail (worn)
   (You found it on level 1 of the Dungeon)
 m - the +3 robe of Barnacled Miracles {Stlth+}
   (You found it on level 2 of the Dungeon)

   Stlth:     It makes you more stealthy.
Magical Staves
 k - a staff of poison {rPois}
   (You found it on level 1 of the Dungeon)
Jewellery
 l - an amulet of faith (around neck) {Faith, !P!P}
   (You found it on level 2 of the Dungeon)
 o - a ring of willpower (left hand)
   (You found it on level 2 of the Dungeon)
Wands
 q - a wand of iceblast (8)
   (You found it on level 2 of the Dungeon)
Scrolls
 b - 3 scrolls of identify {@r1}
 g - a scroll of torment {unknown}
 h - a scroll of enchant armour
 n - a scroll of magic mapping {unknown}
 t - a scroll of teleportation {unknown}
 v - a scroll of poison {unknown}
Potions
 c - a potion of ambrosia {!q}
 f - a potion of magic
 i - a potion of attraction {unknown}
 j - a potion of curing {unknown}
 u - a potion of cancellation {unknown}


   Skills:
 - Level 3.6 Fighting
 * Level 6.9 Axes
 + Level 2.0 Armour
 - Level 2.4 Dodging


You had 4 spell levels left.
You didn't know any spells.
Your spell library was empty.

Dungeon Overview and Level Annotations

Branches:
Dungeon (4/15)
 Temple: D:4-7

Altars:
Makhleb

Shops:
D:2 (

Annotations:
D:4 Dowan, Duvessa


Message History

Things that are here:
a +0 spear; a gnoll corpse
Things that are here:
a +0 spear; a gnoll corpse
There is a large open door here.
There is a large open door here.
There is a large open door here.
There is a large open door here.
Things that are here:
a +0 hand axe; a +0 leather armour
There is a stone staircase leading down here.
A bat comes into view.
The bat hits you but does no damage. The bat closely misses you.
You barely miss the bat. The bat hits you but does no damage.
The bat closely misses you. The bat hits you but does no damage.
A bat is nearby!
A bat is nearby!
You closely miss the bat. The bat closely misses you.
A bat is nearby!
You closely miss the bat. The bat hits you but does no damage.
The bat barely misses you. The bat hits you.
A bat is nearby!
A bat is nearby!
You hit the bat but do no damage. The bat hits you but does no damage. x2
A bat is nearby!
You slash the bat!
You kill the bat!
Beogh accepts your kill.
Done exploring.
No target in view!
Done exploring.
Done exploring.
No target in view!
Done exploring.
No target in view!
Done exploring.
No target in view!
Done exploring.
No target in view!
Done exploring.
(D) Dungeon
Where to? (Enter - D:3, ? - help)
There is a stone staircase leading down here.
You climb downwards.
Duvessa shouts!
Dowan shouts!
The orc shouts!
The ball python hisses angrily.
The endoplasm quivers.
The kobold shouts!
You hear a shout!
There is a stone staircase leading up here.
There are monsters nearby!
There are monsters nearby!
Found 16 gold pieces.
Found a stone staircase leading down.
An orc wizard comes into view. It is wielding a +0 dagger.
The kobold throws a stone.
The stone hits you but does no damage.
There are monsters nearby!
The kobold hits you but does no damage. Dowan gestures at you while chanting.
The puff of flame hits you!
There are monsters nearby!
You hit the kobold but do no damage. The kobold hits you with a +0 dagger.
You closely miss the kobold. The kobold hits you but does no damage.
The kobold attacks as you move away! The kobold barely misses you.
You hit the scorpion. You hit Duvessa but do no damage.
You barely miss the orc. You barely miss the kobold.
The scorpion stings you but does no damage.
Dowan mumbles some strange words.
Dowan blinks!
Duvessa hits you with a +0 rapier! The kobold hits you but does no damage.
The orc hits you with a +0 club.
As you read the scroll labelled DINGAC XINLAO, it crumbles to dust.
It is a scroll of identify.
f - a potion of magic The scorpion stings you.
You are poisoned.
The scorpion poisons you! The kobold barely misses you.
Duvessa hits you with a +0 rapier. The orc hits you with a +0 club.
As you read the scroll labelled EDUSOOD TIPLIKH, it crumbles to dust.
It is a scroll of enchant armour.
Your +0 chain mail glows green for a moment.
* * * LOW HITPOINT WARNING * * *
You feel very sick. The scorpion stings you.
* * * LOW HITPOINT WARNING * * *
The orc hits you with a +0 club.
* * * LOW HITPOINT WARNING * * *
Duvessa hits you but does no damage. The kobold closely misses you.
The scorpion stings you but does no damage.
As you read the scroll labelled FUPRIT BUOLOFY, it crumbles to dust.
A profound silence engulfs you.
It was a scroll of silence.
* * * LOW HITPOINT WARNING * * *
You feel sick. Duvessa hits you with a +0 rapier.
* * * LOW HITPOINT WARNING * * *
The kobold completely misses you.
The scorpion stings you but does no damage.
Magic scrolls do not work when you're silenced!
You slash the orc!
You kill the orc!
Beogh accepts your kill.
You slash Duvessa! You hit the scorpion. You closely miss the kobold.
* * * LOW HITPOINT WARNING * * *
You feel sick. The scorpion stings you.
You die...

###### #######
##.....##..e..##
#$....wK@).w...#.
.##.#.Se.so......
#....oJ.......w
#>.##............
#. #............
. ..............
#.#...!.....!..
...............
....##......##


You could see Duvessa, Dowan, a worm, a scorpion, 2 orc wizards, a dart slug
(unsilenced), an endoplasm (unsilenced), a ball python and a kobold.

Vanquished Creatures
  3 gnolls (D:3)
  2 adders (D:2)
  6 dart slugs
  7 orcs
  5 ball pythons
  5 endoplasms
  6 giant cockroaches
  6 goblins
  3 hobgoblins
  5 kobolds
  3 quokkas
  4 bats
  4 frilled lizards
  9 rats
68 creatures vanquished.

Vanquished Creatures (others)
  An orc wizard (D:3)
1 creature vanquished.

Grand Total: 69 creatures vanquished

Notes
Turn   | Place    | Note
-------+----------+-------------------------------------------
     0 | D:1      | domi the Hill Orc Monk began the quest for the Orb.
     0 | D:1      | Reached XP level 1. HP: 19/19 MP: 1/1
   189 | D:1      | Reached XP level 2. HP: 26/26 MP: 2/2
   261 | D:1      | Reached skill level 5 in Axes
   512 | D:1      | Reached XP level 3. HP: 30/31 MP: 3/3
   865 | D:2      | Found Veadew's Weapon Shop.
   899 | D:2      | Found a burning altar of Makhleb.
   931 | D:2      | Identified the +3 robe of Barnacled Miracles {Stlth+}
  1172 | D:2      | Reached skill level 6 in Axes
  1172 | D:2      | Reached skill level 1 in Armour
  1174 | D:2      | Reached XP level 4. HP: 22/39 MP: 4/4
  2093 | D:3      | Became a worshipper of Beogh the Brigand
  2093 | D:3      | Reached * piety under Beogh
  2093 | D:3      | Reached ** piety under Beogh
  2259 | D:3      | Reached XP level 5. HP: 43/45 MP: 5/5
  2261 | D:3      | Reached skill level 2 in Armour
  2471 | D:4      | Noticed Duvessa
  2471 | D:4      | Noticed Dowan
  2479 | D:4      | HP: 7/45 [orc/+0 club (5)]
  2481 | D:4      | HP: 2/45 [poisoned by a scorpion]
  2481 | D:4      | Slain by a scorpion

Illustrated notes

Levels and vault maps discovered:
D:1:      psy_arrival_terrarium, layout_loops_corners, bh_walls_and_bars
D:2:      layout_basic, serial_shops, nicolae_square_shop, basic_altar,
          kennysheep_cluttered_room, minmay_misc_feat_rugged
D:3:      layout_rooms, kennysheep_cross_room
D:4:      layout_rooms, st_stairs_7, minmay_box_of_dots, uniq_menkaure,
          uniq_duvessa

Skill      XL: |  1  2  3  4  5 |
---------------+----------------+-----
Axes           | 5 6 |  6.9
Armour         | 1 2 |  2.0
Fighting       | |  3.6
Dodging        | |  2.4

Action                     |  1- 3 |  4- 6 || total
---------------------------+-------+-------++-------
  Melee: Hand axe          |   112 |    36 ||   148
         War axe           |       |    41 ||    41
 Invoke: Convert to Beogh  |       |     1 ||     1
    Use: Scroll            |       |     3 ||     3
 Armour: Robe              |     4 |       ||     4
         Chain mail        |    51 |    56 ||   107
  Dodge: Dodged            |    34 |    22 ||    56

Levels and vault maps discovered:
D:1:      psy_arrival_terrarium, layout_loops_corners, bh_walls_and_bars
D:2:      layout_basic, serial_shops, nicolae_square_shop, basic_altar,
          kennysheep_cluttered_room, minmay_misc_feat_rugged
D:3:      layout_rooms, kennysheep_cross_room
D:4:      layout_rooms, st_stairs_7, minmay_box_of_dots, uniq_menkaure,
          uniq_duvessa

Table legend: (Time is in decaauts)
 A = Elapsed time spent in this place.
 B = Non-inter-level travel time spent in this place.
 C = Inter-level travel time spent in this place.
 D = Time resting spent in this place.
 E = Time spent auto-exploring this place.
 F = Levels seen in this place.
 G = Mean time per level.
                   A        B        C        D        E       F      G
               +--------+--------+--------+--------+--------+-----+--------+
         Total |   2488 |   2426 |     62 |      0 |   2006 |   4 |  622.0 |
       Dungeon |   2488 |   2426 |     62 |      0 |   2006 |   4 |  622.0 |
               +--------+--------+--------+--------+--------+-----+--------+

Top non-repeatable levels by time:
     D:2: 1050 daAuts
     D:1: 863 daAuts
     D:3: 565 daAuts
     D:4: 10 daAuts

Table legend:
 A = Kills in this place as a percentage of kills in the entire game.
 B = Kills by you in this place as a percentage of kills by you in the entire game.
 C = Kills by friends in this place as a percentage of kills by friends in the entire game.
 D = Other kills in this place as a percentage of other kills in the entire game.
 E = Experience gained in this place as a percentage of experience gained in the entire game.
 F = Experience gained in this place divided by the number of levels of this place that you have seen.
                   A       B       C       D       E      F
               +-------+-------+-------+-------+-------+----------------------
         Total | 100.0 | 100.0 |   N/A |   N/A | 100.0 |  47.8
       Dungeon | 100.0 | 100.0 |   N/A |   N/A | 100.0 |  47.8
               +-------+-------+-------+-------+-------+----------------------
